 Dungeon Crawl Stone Soup version 0.28-a0-643-g84cb2ea78e (webtiles) character file.

Game seed: 3024191355427239024

94 Irenicus the Digger (level 4, 28/36 HPs)
             Began as a Deep Dwarf Earth Elementalist on Oct 10, 2021.
             Quit the game on level 3 of the Dungeon.
             The game lasted 00:07:51 (990 turns).

Irenicus the Digger (Deep Dwarf Earth Elementalist)  Turns: 990, Time: 00:07:52

Health: 28/36      AC:  2    Str:  9 (12) XL:     4   Next: 38%
Magic:  1/5        EV: 12    Int: 14 (16) God:
Gold:   65         SH:  0    Dex: 11 (13) Spells: 0/6 levels left

rFire   . . .      SeeInvis +   h - +0 dagger
rCold   . . .      Faith    .   (no shield)
rNeg    . . .      Spirit   .   b - +0 robe
rPois   .          Reflect  .   (no helmet)
rElec   .          Harm     .   (no cloak)
rCorr   .          Rampage  .   (no gloves)
Will    .....      Clarity  +   (no boots)
Stlth   ++........              (no amulet)
HPRegen 0.00/turn               Z - ring of wizardry
MPRegen 0.09/turn               (no ring)

@: no status effects
A: damage resistance, heal wounds, sense surroundings 1, no regeneration, see
invisible, clarity, deterioration 1
a: Heal Wounds


You were on level 3 of the Dungeon.
You visited 1 branch of the dungeon, and saw 3 of its levels.

You collected 65 gold pieces.


Innate Abilities, Weirdness & Mutations

You are resistant to damage.
You can heal yourself by infusing magical energy.
You passively map a small area around you.
You do not regenerate.
You have supernaturally acute eyesight. (SInv)
You possess an exceptional clarity of mind.
Your body sometimes deteriorates upon taking damage.


   Skills:
 - Level 2.1 Dodging
 - Level 2.4 Stealth
 - Level 1.7 Spellcasting
 - Level 0.8 Transmutations
 + Level 7.0 Earth Magic


You couldn't memorise any spells.
You knew the following spells:

 Your Spells              Type           Power      Damage    Failure   Level
t - Stone Arrow           Conj/Erth      22%        3d8       7%          3
w - Passwall              Tmut/Erth      10%        N/A       3%          2
z - Sandblast             Erth           40%        2d10      1%          1

Your spell library contained the following spells:

 Spells                   Type           Power      Damage    Failure   Level
 Ensorcelled Hibernation  Hex/Ice        2%         N/A       16%         2
 Petrify                  Tmut/Erth      12%        N/A       19%         4
 Spider Form              Tmut/Pois      1%         N/A       24%         3
 Frozen Ramparts          Ice            2%         1d2       28%         3
 Ice Form                 Ice/Tmut       2%         N/A       58%         4
 Summon Ice Beast         Ice/Summ       1%         N/A       65%         4

Inventory:

Hand Weapons
 d - a +0 mace of venom
 h - a +0 dagger (weapon)
Armour
 b - a +0 robe (worn)
Magical Staves
 o - a staff of poison {!a}
Jewellery
 Z - a ring of wizardry (left hand)
Scrolls
 i - a scroll of enchant armour {unknown}
 k - a scroll of blinking {unknown}
 m - a scroll of holy word
Potions
 a - a potion of magic
 f - a potion of flight

Dungeon Overview and Level Annotations

Branches:
Dungeon (3/15)

Altars:

Annotations:
D:3 Ijyb

#####... #.# #......,
#.#,#.#...#* * #g#
#.#...# #.# #.#...####
#.#.#.#......#
#.#..<'......+
#########g#####......###
,.......@gg..............
#########)##############
#.# , , #.# * * * #.# *,
#.# , #.# ** * #.# * #.#


You could see Ijyb and 2 gnolls.


Message History

You miss Ijyb.
Ijyb is severely wounded.
Ijyb hits you with a +0 club.
* * * LOW HITPOINT WARNING * * *
You barely miss Ijyb.
Ijyb is severely wounded.
Ijyb hits you with a +0 club.
* * * LOW HITPOINT WARNING * * *
You closely miss Ijyb.
Ijyb is severely wounded.
Ijyb hits you with a +0 club.
You hit Ijyb.
Ijyb is severely wounded.
Ijyb hits you with a +0 club.
* * * LOW HITPOINT WARNING * * *
You barely miss Ijyb.
Ijyb is severely wounded.
Ijyb hits you with a +0 club.
It was a potion of mutation.
You feel extremely strange.
Your vision sharpens.
You feel yourself wasting away.
Your thoughts seem clearer.
Ijyb hits you with a +0 club.
* * * LOW HITPOINT WARNING * * *
Use which ability? (? or * to list)
Okay, then.
Unknown command.
Use which ability? (? or * to list)
Your magical essence is drained by the effort!
You feel much better. Ijyb hits you with a +0 club.
Are you sure you want to abandon this character and quit the game? (Confirm with "yes".)

Skill      XL: |  1  2  3  4 |
---------------+-------------+-----
Earth Magic    | 5 6 7 |  7.0
Dodging        | |  2.1
Stealth        | |  2.4
Spellcasting   | |  1.7
Transmutations | |  0.8

Action                   |  1- 3 |  4- 6 || total
-------------------------+-------+-------++-------
Melee: Mace              |    14 |       ||    14
       Unarmed           |     1 |       ||     1
       Dagger            |    13 |    19 ||    32
 Cast: Sandblast         |    39 |    14 ||    53
       Passwall          |     4 |     2 ||     6
 Abil: Heal Wounds       |       |     1 ||     1
  Use: Scroll            |     2 |     1 ||     3
       Potion            |       |     7 ||     7
 Stab: Sleeping          |     3 |     2 ||     5
       Distracted        |     1 |       ||     1
Armor: Robe              |     7 |     4 ||    11
Dodge: Dodged            |    23 |    10 ||    33

Levels and vault maps discovered:
D:1:      tarquinn_simple_flora_water_f, layout_rooms
D:2:      layout_basic, chequers_ecumenical_altar_simple, uniq_natasha
D:3:      layout_basic, nicolae_hepliaklqana_ecumenical_no_more,
          mainiacjoe_overflow_catwalk, corexii_leaking_fountain, kennysheep_nub,
          uniq_ijyb

Notes
Turn   | Place    | Note
-------+----------+-------------------------------------------
     0 | D:1      | Irenicus the Deep Dwarf Earth Elementalist began the quest
                  | for the Orb.
     0 | D:1      | Reached XP level 1. HP: 15/15 MP: 3/3
    66 | D:1      | Reached XP level 2. HP: 20/22 MP: 0/4
   142 | D:1      | Reached skill level 5 in Earth Magic
   392 | D:2      | Reached XP level 3. HP: 22/28 MP: 0/5
   480 | D:2      | Found a faded altar of an unknown god.
   537 | D:2      | Learned a level 2 spell: Passwall
   679 | D:2      | Reached skill level 6 in Earth Magic
   716 | D:2      | Noticed Natasha
   726 | D:2      | Killed Natasha
   727 | D:2      | Reached XP level 4. HP: 19/36 MP: 1/6
   816 | D:2      | Learned a level 3 spell: Stone Arrow
   952 | D:3      | Noticed Ijyb
   957 | D:3      | Identified a potion of resistance
   981 | D:3      | Reached skill level 7 in Earth Magic
   988 | D:3      | Gained mutation: You have supernaturally acute eyesight.
                  | (SInv) [potion of mutation]
   988 | D:3      | Gained mutation: Your body sometimes deteriorates upon
                  | taking damage. [potion of mutation]
   988 | D:3      | Gained mutation: You possess an exceptional clarity of
                  | mind. [potion of mutation]
   990 | D:3      | Quit the game

Vanquished Creatures
  Natasha (D:2)
  A gnoll (D:3)
  2 adders (D:2)
  4 endoplasms
  4 goblins
  2 hobgoblins (D:2)
  9 jackals
  5 kobolds
  3 ball pythons
  4 bats
  4 frilled lizards (D:1)
  3 rats
42 creatures vanquished.

Vanquished Creatures (others)
  A fungus (D:1)
1 creature vanquished.

Grand Total: 43 creatures vanquished

Table legend: (Time is in decaauts)
 A = Elapsed time spent in this place.
 B = Non-inter-level travel time spent in this place.
 C = Inter-level travel time spent in this place.
 D = Time resting spent in this place.
 E = Time spent auto-exploring this place.
 F = Levels seen in this place.
 G = Mean time per level.
                   A        B        C        D        E       F      G
               +--------+--------+--------+--------+--------+-----+--------+
         Total |    993 |    993 |      0 |      0 |      0 |   3 |  331.0 |
       Dungeon |    993 |    993 |      0 |      0 |      0 |   3 |  331.0 |
               +--------+--------+--------+--------+--------+-----+--------+

Top non-repeatable levels by time:
     D:2: 619 daAuts
     D:1: 324 daAuts
     D:3: 49 daAuts

Table legend:
 A = Non-vault XP
 B = Vault XP
 C = Vault XP percentage of total XP
 D = Non-vault monster count
 E = Vault monster count
 F = Vault count percentage of total count
                 A         B        C        D         E       F
            +---------+---------+-------+---------+---------+-------
      Total |     100 |      35 |  25.9 |      41 |       1 |   2.4
            +---------+---------+-------+---------+---------+-------
        D:1 |      31 |       0 |   0.0 |      22 |       0 |   0.0
        D:2 |      53 |      35 |  39.8 |      17 |       1 |   5.6
        D:3 |      16 |       0 |   0.0 |       2 |       0 |   0.0
            +---------+---------+-------+---------+---------+-------
